 Dungeon Crawl Stone Soup version 0.31-a0-237-g2d982f9f85 (webtiles) character file.

Game seed: 2585990017944709187

121 qw the Shooter (level 4, -6/36 HPs)
             Began as a Minotaur Hexslinger on July 10, 2023.
             Mangled by Sigmund
             ... wielding a +0 scythe
              (8 damage)
             ... on level 3 of the Dungeon.
             The game lasted 00:00:43 (2245 turns).

qw the Shooter (Minotaur Hexslinger)                Turns: 2245, Time: 00:00:44

Health: -6/36      AC:  4    Str: 12    XL:     4   Next: 76%
Magic:  4/4        EV: 12    Int: 10    God:
Gold:   92         SH:  0    Dex: 15    Spells: 4/5 levels left

rFire   . . .        Y - +1 sling
rCold   . . .        (no shield)
rNeg    . . .        a - +0 leather armour
rPois   .            (helmet restricted)
rElec   .            d - +0 cloak
rCorr   .            (no gloves)
SInv    .            (no boots)
Will    .....        (no amulet)
Stlth   +            (no ring)
HPRegen 0.26/turn    (no ring)
MPRegen 0.09/turn

%: no passive effects
@: confused
A: horns 2, retaliatory headbutt
a: no special abilities


You were on level 3 of the Dungeon.
You visited 1 branch of the dungeon, and saw 3 of its levels.

You collected 92 gold pieces.


Innate Abilities, Weirdness & Mutations

You have a pair of horns on your head.
You reflexively headbutt those who attack you in melee.


   Skills:
 + Level 2.3 Fighting
 - Level 5.2 Ranged Weapons
 - Level 2.1 Dodging
 - Level 1.0 Spellcasting
 - Level 2.0 Hexes


You had 4 spell levels left.
You knew the following spells:

 Your Spells              Type           Power      Damage    Failure   Level
a - Slow                  Hex            16%        N/A       19%         1

Your spell library contained the following spells:

 Spells                   Type           Power      Damage    Failure   Level
 Inner Flame              Hex/Fire       2%         N/A       65%         3
 Portal Projectile        Hex/Tloc       4%         N/A       65%         3
 Cause Fear               Hex            2%         N/A       88%         4

Inventory:

Hand Weapons
 Y - a +1 sling (weapon)
Armour
 a - a +0 leather armour (worn)
 d - a +0 cloak (worn)
Scrolls
 f - 2 scrolls of identify
Potions
 g - a potion of enlightenment

Dungeon Overview and Level Annotations

Branches:
Dungeon (3/15)

Altars:

Annotations:
D:3 Sigmund


Message History

Sigmund hits you but does no damage.
You shoot a sling bullet.
The sling bullet hits Sigmund but does no damage.
Sigmund is heavily wounded.
You shoot a sling bullet. The sling bullet barely misses Sigmund.
Sigmund misses you.
You shoot a sling bullet.
The sling bullet closely misses Sigmund.
Sigmund barely misses you.
You shoot a sling bullet.
The sling bullet hits Sigmund but does no damage.
Sigmund is heavily wounded.
Sigmund hits you from afar with a +0 scythe!
You shoot a sling bullet.
The sling bullet closely misses Sigmund.
You shoot a sling bullet.
The sling bullet hits Sigmund but does no damage.
Sigmund is heavily wounded.
Sigmund mumbles some strange words.
Sigmund flickers and vanishes!
Deactivating autopickup; reactivate with Ctrl-A.
Something hits you.
You shoot a sling bullet. You shoot a sling bullet. Something hits you!
You shoot a sling bullet. Something hits you but does no damage.
You shoot a sling bullet. Something hits you.
You shoot a sling bullet. You shoot a sling bullet. Something hits you!
You shoot a sling bullet.
You hear some strange, mumbled words.
You are confused.
You shoot a sling bullet. Something hits you.
You shoot a sling bullet. Something hits you!
You die...

##### #...# #...###
#..<''#########
#######.............#
#.....).............#
#...@.#.............#
#..>#.####...........
#.{.#+# #...........
#... ###########.
..... #..... '##.#.
#.#### # ..#.
###..... ...#.
+....... #######.


There were no monsters in sight!

Vanquished Creatures
  Jessica (D:3)
  Terence (D:3)
  An adder (D:2)
  A worm (D:3)
  4 dart slugs
  10 endoplasms
  3 goblins (D:1)
  2 hobgoblins
  4 jackals (D:1)
  3 kobolds
  3 quokkas
  7 ball pythons
  A bat (D:1)
  A frilled lizard (D:1)
  4 rats
46 creatures vanquished.

Notes
Turn   | Place    | Note
-------+----------+-------------------------------------------
     0 | D:1      | qw the Minotaur Hexslinger began the quest for the Orb.
     0 | D:1      | Reached XP level 1. HP: 16/16 MP: 1/1
     0 | D:1      | 0 ||| qw: Version: 0.3-a-52-g30416fa
     0 | D:1      | 0 ||| qw: Game counter: 5251
     0 | D:1      | 0 ||| qw: Melee chars always use a shield: true
     0 | D:1      | 0 ||| qw: God list: Okawaru
     0 | D:1      | 0 ||| qw: Allow faded altars: false
     0 | D:1      | 0 ||| qw: Do Orc after clearing Dungeon:15 true
     0 | D:1      | 0 ||| qw: Do second Lair branch before Depths: true
     0 | D:1      | 0 ||| qw: Lair rune preference: random
     0 | D:1      | 0 ||| qw: Goals: Normal
     0 | D:1      | 0 ||| PLANNING D:1-11
    81 | D:1      | HP: 4/16 [frozen (4)]
    83 | D:1      | Reached skill level 3 in Ranged Weapons
   143 | D:1      | Reached XP level 2. HP: 23/23 MP: 2/2
   196 | D:1      | Found a faded altar of an unknown god.
   256 | D:1      | HP: 6/24 [quokka (1)]
   466 | D:1      | Reached XP level 3. HP: 29/29 MP: 3/3
  1054 | D:1      | 1054 ||| UPGRADING to +0 cloak.
  1059 | D:1      | 1059 ||| READING scroll labelled ZUKLIJ FORGHEYTY.
  1060 | D:1      | 1060 ||| READING 2 scrolls labelled NOPPIE LOCAONG.
  1061 | D:1      | 1061 ||| DROPPING scroll of poison.
  1192 | D:2      | Reached skill level 4 in Ranged Weapons
  1964 | D:2      | 1964 ||| UPGRADING to +0 leather armour.
  1974 | D:2      | 1974 ||| DROPPING +0 robe.
  1975 | D:2      | 1975 ||| READING scroll labelled DEBBEU EPHEA.
  1979 | D:2      | 1979 ||| READING scroll labelled YQUEWA KOSCH.
  1980 | D:2      | 1980 ||| READING scroll labelled WIPRANYSTRIOHU.
  1981 | D:2      | 1981 ||| READING 2 scrolls of identify.
  1981 | D:2      | 1981 ||| IDENTIFYING cyan potion
  2075 | D:3      | Noticed Terence
  2075 | D:3      | Noticed Jessica
  2079 | D:3      | Killed Jessica
  2080 | D:3      | Reached XP level 4. HP: 35/36 MP: 4/4
  2089 | D:3      | Killed Terence
  2090 | D:3      | Reached skill level 5 in Ranged Weapons
  2221 | D:3      | Noticed Sigmund
  2242 | D:3      | HP: 4/36 [something (8)]
  2244 | D:3      | HP: 1/36 [something (3)]
  2245 | D:3      | Mangled by Sigmund

Levels and vault maps discovered:
D:1:      lemuel_arrival_muddy, layout_basic, basic_ecumenical_altar
D:2:      layout_basic, serial_forest, infiniplex_forest_straight_2,
          infiniplex_forest_clump_C, infiniplex_forest_clump_small,
          infiniplex_forest_end_1, infiniplex_forest_zigzag_1,
          infiniplex_forest_clump_tiny, infiniplex_forest_clump_medium,
          roderic_serpentine_path
D:3:      layout_basic, mainiacjoe_overflow_six_doors_small, uniq_terence,
          uniq_sigmund, uniq_jessica

Skill      XL: |  1  2  3  4 |
---------------+-------------+-----
Ranged Weapons | 3 4 5 |  5.2
Fighting       | 2 |  2.3
Dodging        | |  2.1
Spellcasting   | |  1.0
Hexes          | |  2.0

Action                     |  1- 3 |  4- 6 || total
---------------------------+-------+-------++-------
   Fire: Sling             |   120 |    56 ||   176
    Use: Scroll            |     6 |       ||     6
 Armour: Robe              |     6 |       ||     6
         Leather armour    |       |     7 ||     7
  Dodge: Dodged            |    27 |    19 ||    46

Table legend:
 A = Non-vault XP
 B = Vault XP
 C = Vault XP percentage of total XP
 D = Non-vault monster count
 E = Vault monster count
 F = Vault count percentage of total count
                 A         B        C        D         E       F
            +---------+---------+-------+---------+---------+-------
      Total |     100 |      73 |  42.2 |      44 |       2 |   4.3
            +---------+---------+-------+---------+---------+-------
        D:1 |      57 |       0 |   0.0 |      30 |       0 |   0.0
        D:2 |      22 |       0 |   0.0 |       6 |       0 |   0.0
        D:3 |      21 |      73 |  77.7 |       8 |       2 |  20.0
            +---------+---------+-------+---------+---------+-------
